 Dungeon Crawl Stone Soup version 0.29.1-14-g9c671dbff4 (webtiles) character file.

Game seed: 9956116454006810272

112 Kangrisorn the Covered (level 4, 0/41 HPs)
             Began as a Minotaur Fighter on Feb 17, 2023.
             Slain by a black bear (1 damage)
             ... on level 4 of the Dungeon.
             The game lasted 00:08:02 (2531 turns).

Kangrisorn the Covered (Minotaur Fighter)           Turns: 2531, Time: 00:08:02

Health: 0/41       AC:  9    Str: 23    XL:     4   Next: 64%
Magic:  3/3        EV:  4    Int:  5    God:
Gold:   123        SH: 12    Dex:  9    Spells: 3/3 levels left

rFire   . . .      SeeInvis .   a - +0 war axe
rCold   . . .      Faith    .   q - +0 tower shield
rNeg    . . .      Spirit   .   g - +0 chain mail
rPois   .          Reflect  .   (helmet restricted)
rElec   .          Harm     .   (no cloak)
rCorr   .          Rampage  .   (no gloves)
Will    .....                   (no boots)
Stlth   ..........              (no amulet)
HPRegen 0.13/turn               (no ring)
MPRegen 0.08/turn               (no ring)

@: no status effects
A: horns 2, retaliatory headbutt
a: no special abilities


You were on level 4 of the Dungeon.
You visited 1 branch of the dungeon, and saw 4 of its levels.

You collected 123 gold pieces.

Inventory:

Hand Weapons
 a - a +0 war axe (weapon)
Missiles
 k - 4 javelins (quivered)
 n - 5 atropa-tipped darts
Armour
 g - a +0 chain mail (worn)
 q - a +0 tower shield (worn)
Scrolls
 e - 4 scrolls of teleportation
 l - 2 scrolls of fear
Potions
 b - 2 potions of curing
 d - 2 potions of might
 f - 2 potions of ambrosia {unknown}
 h - 2 potions of degeneration {unknown}
 i - a potion of invisibility {unknown}
 j - 2 potions of attraction {unknown}
 o - a potion of flight {unknown}
 p - a potion of mutation {unknown}


   Skills:
 + Level 4.4 Fighting
 + Level 3.4 Axes
 + Level 1.2 Throwing
 + Level 4.4 Armour
 + Level 4.4 Shields


You had 3 spell levels left.
You didn't know any spells.
Your spell library was empty.

Dungeon Overview and Level Annotations

Branches:
Dungeon (4/15)
 Temple: D:4-7

Altars:


Innate Abilities, Weirdness & Mutations

You have a pair of horns on your head.
You reflexively headbutt those who attack you in melee.


Message History

The black bear bites you but does no damage.
You block the black bear's attack. The black bear claws you.
You block the black bear's attack.
The black bear claws you but does no damage.
You block the black bear's attack.
You closely miss the black bear.
The black bear is severely wounded.
The black bear bites you.
The black bear claws you but does no damage.
You block the black bear's attack. The black bear bites you.
The black bear claws you but does no damage.
You block the black bear's attack. The black bear bites you.
The black bear claws you. x2
You barely miss the black bear. Your headbutt misses the black bear.
The black bear is severely wounded.
The black bear bites you but does no damage.
You block the black bear's attack.
The black bear claws you but does no damage.
The black bear bites you but does no damage.
The black bear claws you.
The black bear claws you but does no damage.
You hit the black bear but do no damage.
The black bear is severely wounded.
You block the black bear's attack. x3; The black bear bites you.
* * * LOW HITPOINT WARNING * * *
The black bear barely misses you. x2; You block the black bear's attack.
The black bear claws you.
* * * LOW HITPOINT WARNING * * *
The black bear claws you but does no damage.
You slash the black bear!
The black bear is almost dead.
The black bear bites you.
* * * LOW HITPOINT WARNING * * *
You block the black bear's attack. The black bear barely misses you.
The black bear bites you but does no damage.
The black bear claws you but does no damage. x2
The black bear barely misses you. You furiously retaliate!
You headbutt the black bear. You block the black bear's attack.
The black bear claws you.
You die...

#...#
#.#........#.#
#...#
#.#'######.#.#
#...# #.....#
#.#.# #...#
#.....####.#.#
#...#
#............#
#...#
#............#
#....
#............#
#.#+######'#.#
..# #@#.# ###
#h#.#
...h....#.#
..#######+#


You could see a black bear (berserk).

Vanquished Creatures
  3 adders
  2 worms (D:3)
  2 dart slugs
  4 orcs
  7 bats
  5 endoplasms
  7 giant cockroaches
  5 hobgoblins
  A jackal (D:2)
  3 quokkas
  6 ball pythons
  4 frilled lizards
  4 goblins
  11 kobolds
  6 rats
70 creatures vanquished.

Notes
Turn   | Place    | Note
-------+----------+-------------------------------------------
     0 | D:1      | Kangrisorn the Minotaur Fighter began the quest for the
                  | Orb.
     0 | D:1      | Reached XP level 1. HP: 19/19 MP: 0/0
   201 | D:1      | Reached XP level 2. HP: 27/27 MP: 1/1
   790 | D:1      | Reached XP level 3. HP: 33/33 MP: 2/2
  1400 | D:2      | Reached XP level 4. HP: 37/40 MP: 3/3
  1600 | D:2      | Reached skill level 1 in Throwing
  1605 | D:2      | Found a faded altar of an unknown god.
  2517 | D:4      | Noticed a black bear
  2531 | D:4      | HP: 1/41 [black bear (3)]
  2531 | D:4      | Slain by a black bear

Illustrated notes

Levels and vault maps discovered:
D:1:      amcnicky_arrival_abandoned_market, layout_basic
D:2:      cheibrodos_helix_gallery, layout_basic, serial_corexii_hall,
          corexii_hall_statues_l, corexii_hall_statues_x,
          corexii_hall_statues_deadend, shapermc_ecumenical_altar_mp_vishouse,
          minmay_worlds_worst_comb
D:3:      layout_basic, reono_crystal_passage
D:4:      layout_basic, ebering_ghost_rock_garden, uniq_pikel

Skill      XL: |  1  2  3  4 |
---------------+-------------+-----
Fighting       | 4 |  4.4
Shields        | 4 |  4.4
Armour         | 4 |  4.4
Axes           | 3 |  3.4
Throwing       | 1 |  1.2

Action                   |  1- 3 |  4- 6 || total
-------------------------+-------+-------++-------
Melee: War axe           |   106 |    47 ||   153
       Headbutt          |    20 |     7 ||    27
  Use: Scroll            |     5 |     4 ||     9
       Potion            |     1 |       ||     1
Armor: Scale mail        |    48 |       ||    48
       Chain mail        |    13 |    45 ||    58
Dodge: Dodged            |    52 |    21 ||    73
Block: Buckler           |    26 |     6 ||    32
       Tower shield      |       |    20 ||    20
